Barracuda vs Marlies
Created - November 24, 2025 at 19:09
Goals
|
| Barracuda |
2 |
1 |
2 |
5 |
| Marlies |
0 |
5 |
1 |
6 |
|
Shots
|
| Barracuda |
12 |
7 |
16 |
35 |
| Marlies |
11 |
12 |
5 |
28 |
|
1st period
1. Barracuda , Trent Frederic 3 (Alex Lintuniemi 5) at 10:22
2. Barracuda , Nikolai Kovalenko 13 (Emil Pettersson 16) at 12:43 (PP)
Penalties :
Jordan Gross (S.J) for Tripping (Minor) at 7:08, Otto Koivula (Tor) for Cross-checking (Minor) at 12:39, Yegor Sokolov (S.J) for Diving (Minor) at 13:40, Jackson Kunz (S.J) for Holding (Minor) at 19:51
2nd period
3. Barracuda , Emil Pettersson 5 (Nikolai Kovalenko 7) at 4:01 (PP)
4. Marlies , Otto Koivula 4 (Kole Sherwood 10) at 13:19
5. Marlies , Joel Farabee 8 (Rasmus Dahlin 5, Keaton Thompson 3) at 14:18 (PP)
6. Marlies , Rasmus Dahlin 1 (Keaton Thompson 4) at 15:20
7. Marlies , Rasmus Dahlin 2 (Keaton Thompson 5) at 19:06
8. Marlies , Kole Sherwood 8 (Matthew Highmore 8, Joel Farabee 8) at 19:20
Penalties :
Matthew Highmore (Tor) for Roughing (Minor) at 3:58, Alexei Toropchenko (S.J) for Slashing (Minor) at 4:38, Beck Malenstyn (S.J) for Hooking (Minor) at 13:43
3rd period
9. Barracuda , Emil Pettersson 6 (Dennis Cholowski 3) at 4:53
10. Barracuda , Nikolai Kovalenko 14 (Emil Pettersson 17) at 19:35
11. Marlies , Lias Andersson 6 (Rasmus Dahlin 6, Otto Koivula 1) at 19:42
Penalties :
Hendrix Lapierre (Tor) for Interference (Minor) at 7:31, Otto Koivula (Tor) for Hooking (Minor) at 13:18
Goalie Stats
Kevin Mandolese (S.J), 18 saves from 23 shots - (0.783), 39:20 minutes
Filip Larsson (S.J), 4 saves from 5 shots - (0.800), L, 1-3-0, 19:52 minutes
Veini Vehvilainen (Tor), 30 saves from 35 shots - (0.857), W, 2-2-0, 60:00 minutes
Players Stats for Barracuda
Player Name G A P +/- PIM S H SB GA TA FO MP PP MP PK MP
------------------------------------------------------------------------------------
0 0 0 0 0 0 0 0 0 0 0/0 0:00 0:00 0:00
0 0 0 0 0 0 0 0 0 0 0/0 0:00 0:00 0:00
0 0 0 0 0 0 0 0 0 0 0/0 0:00 0:00 0:00
0 0 0 0 0 0 0 0 0 0 0/0 0:00 0:00 0:00
0 0 0 0 0 0 0 0 0 0 0/0 0:00 0:00 0:00
0 0 0 0 0 0 0 0 0 0 0/0 0:00 0:00 0:00
0 0 0 0 0 0 0 0 0 0 0/0 0:00 0:00 0:00
Adam Beckman 0 0 0 -2 0 0 0 0 1 0 0/2 10:21 0:00 0:16
Adam Raska 0 0 0 -1 0 0 0 0 0 0 0/0 8:58 0:00 0:00
Alex Lintuniemi 0 1 1 -1 0 1 0 0 0 2 0/0 20:01 1:33 3:37
Alexei Toropchenko 0 0 0 1 2 0 2 0 0 0 0/0 13:28 1:52 0:00
Angus Crookshank 0 0 0 1 0 2 0 1 0 0 0/1 16:15 1:52 2:33
Beck Malenstyn 0 0 0 0 2 1 2 0 0 0 0/0 22:26 2:13 4:04
Bode Wilde 0 0 0 0 0 0 1 1 0 0 0/0 12:49 0:00 0:56
Dennis Cholowski 0 1 1 -1 0 1 0 1 1 0 0/0 20:07 1:33 3:43
Emil Pettersson 2 2 4 0 0 7 0 2 1 1 17/37 23:21 2:13 4:37
Jackson Kunz 0 0 0 -1 2 0 0 0 0 1 0/1 10:06 0:00 1:07
Jacob Peterson 0 0 0 -1 0 3 2 0 0 1 2/4 8:58 0:00 0:00
Jordan Gross 0 0 0 -1 2 3 1 0 1 0 0/0 26:43 2:32 3:51
Nikolai Kovalenko 2 1 3 0 0 5 1 1 3 1 0/1 20:38 2:13 1:52
Robin Norell 0 0 0 -1 0 3 2 0 1 2 0/0 28:06 2:32 4:54
Ryan Merkley 0 0 0 0 0 0 0 2 1 1 0/0 12:34 0:00 0:01
Theodor Blueger 0 0 0 -2 0 4 0 1 0 0 2/6 10:03 0:00 0:00
Trent Frederic 1 0 1 1 0 5 1 1 0 0 4/9 16:15 1:52 2:33
Yegor Sokolov 0 0 0 -2 2 0 0 0 1 0 0/0 10:15 0:00 0:00
Players Stats for Marlies
Player Name G A P +/- PIM S H SB GA TA FO MP PP MP PK MP
------------------------------------------------------------------------------------
0 0 0 0 0 0 0 0 0 0 0/0 0:00 0:00 0:00
0 0 0 0 0 0 0 0 0 0 0/0 0:00 0:00 0:00
0 0 0 0 0 0 0 0 0 0 0/0 0:00 0:00 0:00
0 0 0 0 0 0 0 0 0 0 0/0 0:00 0:00 0:00
0 0 0 0 0 0 0 0 0 0 0/0 0:00 0:00 0:00
0 0 0 0 0 0 0 0 0 0 0/0 0:00 0:00 0:00
0 0 0 0 0 0 0 0 0 0 0/0 0:00 0:00 0:00
Alex Formenton 0 0 0 -1 0 1 0 0 0 0 0/0 17:00 3:24 1:41
Arthur Kaliyev 0 0 0 2 0 1 0 0 0 0 0/0 11:24 0:00 0:00
Dawson Mercer 0 0 0 1 0 2 0 0 0 0 0/1 9:49 0:46 0:00
Dmitri Samorukov 0 0 0 -2 0 2 1 0 0 0 0/0 21:29 3:03 2:27
Hendrix Lapierre 0 0 0 2 2 2 0 0 1 0 2/3 15:15 1:48 0:49
Isac Lundestrom 0 0 0 0 0 0 0 1 0 0 0/1 0:37 0:00 0:00
Jacob Bernard-Docker 0 0 0 1 0 2 0 2 0 1 0/0 12:24 0:00 0:00
Joel Farabee 1 1 2 0 0 1 1 0 3 0 1/2 20:29 5:00 0:03
John Ludvig 0 0 0 1 0 0 1 0 0 1 0/0 12:24 0:00 0:00
Keaton Thompson 0 3 3 3 0 1 4 0 0 2 0/0 26:07 5:28 1:38
Kole Sherwood 1 1 2 0 0 3 0 1 0 1 1/1 20:08 2:45 2:21
Lias Andersson 1 0 1 0 0 2 3 0 1 1 13/25 23:35 3:50 2:34
Lucas Carlsson 0 0 0 -1 0 0 1 1 1 2 0/0 20:52 3:03 1:38
Mathieu Olivier 0 0 0 -1 0 1 3 0 0 0 1/2 15:57 5:00 0:00
Matthew Highmore 0 1 1 0 2 1 2 0 0 0 18/26 20:38 2:53 0:42
Otto Koivula 1 1 2 2 4 2 0 2 1 1 0/0 12:31 0:07 0:00
Rasmus Dahlin 2 2 4 2 0 6 2 0 0 1 0/0 26:44 5:28 2:27
Samuel Fagemo 0 0 0 1 0 1 1 0 2 0 0/0 8:28 0:00 0:00
3 Stars
1 - Rasmus Dahlin (Tor)
2 - Emil Pettersson (S.J)
3 - Keaton Thompson (Tor)
Power Play
Barracuda - 2 on 4 Attempt(s) - 50.00%
Marlies - 1 on 5 Attempt(s) - 20.00%
Penalty Kill
Barracuda - 4 on 5 Attempt(s) - 80.00%
- Score 0 goal in Penalty Kill
Marlies - 2 on 4 Attempt(s) - 50.00%
- Score 0 goal in Penalty Kill
Team Stat
Barracuda - Hits : 12 - Faceoff Wins : 25 - Blocked Shots : 10 - Penalty Minutes : 10
Marlies - Hits : 19 - Faceoff Wins : 36 - Blocked Shots : 7 - Penalty Minutes : 8
Official
Referees : Kevin Pollock and Graham Skilliter
Linesman : Brad Kovachik and Libor Suchanek
Game Notes
Isac Lundestrom is injured at 2:34 of 1st period (Left Knee)
Filip Larsson enters game at 19:20 of 2nd period
Finance
Level 1 -- Attendance: 1679 (83.95%) -- Ticket Income $117,530
Level 2 -- Attendance: 1000 (100.00%) -- Ticket Income $40,000
Total Attendance: 2679 (89.30%)
Total Ticket Income: $157,530
Other Income: $7,876
Total Income: $165,406
Barracuda
5 vs 5 Forward
Center Left Wing Right Wing Time % Phy DF OF
1 Emil Pettersson Beck Malenstyn Nikolai Kovalenko 40 1 2 2
2 Trent Frederic Angus Crookshank Alexei Toropchenko 30 1 2 2
3 Theodor Blueger Adam Beckman Yegor Sokolov 20 1 2 2
4 Jacob Peterson Jackson Kunz Adam Raska 10 1 2 2
5 vs 5 Defense
Defense Defense Time % Phy DF OF
1 Robin Norell Jordan Gross 40 1 2 2
2 Alex Lintuniemi Dennis Cholowski 30 1 2 2
3 Bode Wilde Ryan Merkley 20 1 2 2
4 Robin Norell Jordan Gross 10 1 2 2
PowerPlay Forward
Center Left Wing Right Wing Time % Phy DF OF
1 Emil Pettersson Beck Malenstyn Nikolai Kovalenko 60 1 2 2
2 Trent Frederic Angus Crookshank Alexei Toropchenko 40 1 2 2
PowerPlay Defense
Defense Defense Time % Phy DF OF
1 Robin Norell Jordan Gross 60 1 2 2
2 Alex Lintuniemi Dennis Cholowski 40 1 2 2
Penalty Kill 4 Players Forward
Center Wing Time % Phy DF OF
1 Emil Pettersson Beck Malenstyn 60 1 2 2
2 Trent Frederic Angus Crookshank 40 1 2 2
Penalty Kill 4 Players Defense
Defense Defense Time % Phy DF OF
1 Robin Norell Jordan Gross 60 1 2 2
2 Alex Lintuniemi Dennis Cholowski 40 1 2 2
Penalty Kill - 3 Players Forward
Forward Time % Phy DF OF
1 Emil Pettersson 60 1 2 2
2 Trent Frederic 40 1 2 2
Penalty Kill - 3 Players Defense
Defense Defense Time % Phy DF OF
1 Robin Norell Jordan Gross 60 1 2 2
2 Alex Lintuniemi Dennis Cholowski 40 1 2 2
4 vs 4 Forward
Center Wing Time % Phy DF OF
1 Emil Pettersson Beck Malenstyn 60 1 2 2
2 Trent Frederic Angus Crookshank 40 1 2 2
4 vs 4 Defense
Defense Defense Time % Phy DF OF
1 Robin Norell Jordan Gross 60 1 2 2
2 Alex Lintuniemi Dennis Cholowski 40 1 2 2
Last Minutes Offensive
Center Left Wing Right Wing Defense Defense
Emil Pettersson Beck Malenstyn Nikolai Kovalenko Robin Norell Jordan Gross
Last Minutes Defensive
Center Left Wing Right Wing Defense Defense
Emil Pettersson Beck Malenstyn Nikolai Kovalenko Robin Norell Jordan Gross
Goaltenders
Starting : Kevin Mandolese
Backup : Filip Larsson
Extra Forwards
Normal : Nikolai Kovalenko, Alexei Toropchenko, Beck Malenstyn - PP : Nikolai Kovalenko, Alexei Toropchenko - PK : Nikolai Kovalenko
Extra Defensemen
Normal : Dennis Cholowski, Bode Wilde, Ryan Merkley - PP : Dennis Cholowski - PK : Dennis Cholowski, Bode Wilde
Penalty Shots
Emil Pettersson, Trent Frederic, Theodor Blueger, Jacob Peterson, Nikolai Kovalenko
Custom OT Lines Forwards
Emil Pettersson, Trent Frederic, Theodor Blueger, Jacob Peterson, Nikolai Kovalenko, Alexei Toropchenko, Beck Malenstyn, Angus Crookshank, Adam Beckman, Yegor Sokolov
Custom OT Lines Defensemen
Robin Norell, Jordan Gross, Alex Lintuniemi, Dennis Cholowski, Bode Wilde
Scratches
Alex Jefferies (Healthy), Sam Colangelo (Severed Right Wrist Tendon Injury), Mason Langenbrunner (Healthy), Antonio Stranges (Healthy), Kyle Platzer (Healthy)
Bogdan Trineyev (Healthy), Ryder Rolston (Healthy), Adam Edstrom (Healthy), Luke Martin (Healthy), Henrik Tikkanen (Healthy)
Aidan Campbell (Healthy)
Marlies
5 vs 5 Forward
Center Left Wing Right Wing Time % Phy DF OF
1 Matthew Highmore Joel Farabee Kole Sherwood 40 1 2 2
2 Lias Andersson Alex Formenton Mathieu Olivier 30 1 2 2
3 Isac Lundestrom Otto Koivula Arthur Kaliyev 20 1 2 2
4 Hendrix Lapierre Samuel Fagemo Dawson Mercer 10 1 2 2
5 vs 5 Defense
Defense Defense Time % Phy DF OF
1 Rasmus Dahlin Keaton Thompson 40 1 2 2
2 Lucas Carlsson Dmitri Samorukov 30 1 2 2
3 Jacob Bernard-Docker John Ludvig 20 1 2 2
4 Rasmus Dahlin Keaton Thompson 10 1 2 2
PowerPlay Forward
Center Left Wing Right Wing Time % Phy DF OF
1 Isac Lundestrom Joel Farabee Mathieu Olivier 60 1 2 2
2 Matthew Highmore Alex Formenton Kole Sherwood 40 1 2 2
PowerPlay Defense
Defense Defense Time % Phy DF OF
1 Rasmus Dahlin Keaton Thompson 60 1 2 2
2 Lucas Carlsson Dmitri Samorukov 40 1 2 2
Penalty Kill 4 Players Forward
Center Wing Time % Phy DF OF
1 Lias Andersson Kole Sherwood 60 1 2 2
2 Isac Lundestrom Alex Formenton 40 1 2 2
Penalty Kill 4 Players Defense
Defense Defense Time % Phy DF OF
1 Dmitri Samorukov Rasmus Dahlin 60 1 2 2
2 Lucas Carlsson Keaton Thompson 40 1 2 2
Penalty Kill - 3 Players Forward
Forward Time % Phy DF OF
1 Lias Andersson 60 1 2 2
2 Isac Lundestrom 40 1 2 2
Penalty Kill - 3 Players Defense
Defense Defense Time % Phy DF OF
1 Dmitri Samorukov Rasmus Dahlin 60 1 2 2
2 Lucas Carlsson Keaton Thompson 40 1 2 2
4 vs 4 Forward
Center Wing Time % Phy DF OF
1 Lias Andersson Joel Farabee 60 1 2 2
2 Matthew Highmore Alex Formenton 40 1 2 2
4 vs 4 Defense
Defense Defense Time % Phy DF OF
1 Dmitri Samorukov Rasmus Dahlin 60 1 2 2
2 Lucas Carlsson Keaton Thompson 40 1 2 2
Last Minutes Offensive
Center Left Wing Right Wing Defense Defense
Isac Lundestrom Joel Farabee Mathieu Olivier Rasmus Dahlin Keaton Thompson
Last Minutes Defensive
Center Left Wing Right Wing Defense Defense
Lias Andersson Alex Formenton Mathieu Olivier Dmitri Samorukov Rasmus Dahlin
Goaltenders
Starting : Veini Vehvilainen
Backup : Logan Thompson
Extra Forwards
Normal : Lias Andersson, Matthew Highmore, Isac Lundestrom - PP : Lias Andersson, Matthew Highmore - PK : Lias Andersson
Extra Defensemen
Normal : Dmitri Samorukov, Jacob Bernard-Docker, John Ludvig - PP : Dmitri Samorukov - PK : Dmitri Samorukov, Jacob Bernard-Docker
Penalty Shots
Joel Farabee, Matthew Highmore, Otto Koivula, Dawson Mercer, Arthur Kaliyev
Custom OT Lines Forwards
Isac Lundestrom, Alex Formenton, Joel Farabee, Mathieu Olivier, Kole Sherwood, Matthew Highmore, Lias Andersson, Otto Koivula, Arthur Kaliyev, Dawson Mercer
Custom OT Lines Defensemen
Rasmus Dahlin, Keaton Thompson, Dmitri Samorukov, Lucas Carlsson, Jacob Bernard-Docker
Scratches
Luke Reid (Healthy), Topi Niemela (Healthy), Jack Thompson (Healthy), John Farinacci (Healthy), Landon Slaggert (Healthy)
Kasper Simontaival (Healthy), Alexander Pashin (Healthy), Xavier Bernard (Healthy), Jonathan Davidsson (Healthy), Jan Jenik (Healthy)
Blake Murray (Healthy), Vasili Podkolzin (Healthy), Drew Commesso (Healthy)
% Time on Ice - Barracuda
Lines # - Real PCT - Wanted PCT - Time Play
Normal Forward
1 - 33% - 40% - 15:28
2 - 26% - 30% - 11:50
3 - 22% - 20% - 10:03
4 - 19% - 10% - 8:58
Normal Defense
1 - 38% - 40% - 17:47
2 - 32% - 30% - 14:51
3 - 26% - 20% - 11:53
4 - 4% - 10% - 1:48
PP Forward
1 - 54% - 60% - 2:13
2 - 46% - 40% - 1:52
PP Defense
1 - 62% - 60% - 2:32
2 - 38% - 40% - 1:33
PK Forward
1 - 70% - 60% - 5:58
2 - 30% - 40% - 2:33
PK Defense
1 - 61% - 60% - 5:13
2 - 39% - 40% - 3:18
PK3 Forward
1 - 0% - 60%
2 - 0% - 40%
PK3 Defense
1 - 0% - 60%
2 - 0% - 40%
44 Forward
1 - 0% - 60%
2 - 0% - 40%
44 Defense
1 - 0% - 60%
2 - 0% - 40%
Last Minute Offensive - 1:05
Last Minute Defensive - 0:00
Total
Forward - 60:00
Defense - 60:00
|
% Time on Ice - Marlies
Lines # - Real PCT - Wanted PCT - Time Play
Normal Forward
1 - 35% - 40% - 16:22
2 - 22% - 30% - 10:04
3 - 25% - 20% - 11:24
4 - 18% - 10% - 8:28
Normal Defense
1 - 35% - 40% - 16:19
2 - 35% - 30% - 16:11
3 - 27% - 20% - 12:24
4 - 3% - 10% - 1:24
PP Forward
1 - 68% - 60% - 5:46
2 - 32% - 40% - 2:45
PP Defense
1 - 64% - 60% - 5:28
2 - 36% - 40% - 3:03
PK Forward
1 - 80% - 60% - 3:15
2 - 20% - 40% - 0:50
PK Defense
1 - 60% - 60% - 2:27
2 - 40% - 40% - 1:38
PK3 Forward
1 - 0% - 60%
2 - 0% - 40%
PK3 Defense
1 - 0% - 60%
2 - 0% - 40%
44 Forward
1 - 0% - 60%
2 - 0% - 40%
44 Defense
1 - 0% - 60%
2 - 0% - 40%
Last Minute Offensive - 0:00
Last Minute Defensive - 1:06
Total
Forward - 60:00
Defense - 60:00
|
Play-by-Play
1st period
0:01 of 1st period - Matthew Highmore wins face-off versus Emil Pettersson in neutral zone.
0:54 of 1st period - Slapshot by Hendrix Lapierre.
0:54 of 1st period - Stopped by Kevin Mandolese with a rebound.
0:56 of 1st period - Wrist shot by John Ludvig.
0:56 of 1st period - Deflect By Dawson Mercer.
0:56 of 1st period - Shot Blocked by Trent Frederic.
0:56 of 1st period - Puck is out of play.
0:57 of 1st period - Theodor Blueger wins face-off versus Isac Lundestrom in Barracuda zone.
1:12 of 1st period - Slapshot by Theodor Blueger.
1:12 of 1st period - Stopped by Veini Vehvilainen with a rebound.
1:52 of 1st period - Wrist shot by Joel Farabee.
1:52 of 1st period - Shot Misses the Net.
1:54 of 1st period - Snap shot by Alex Formenton.
1:54 of 1st period - Stopped by Kevin Mandolese with a rebound.
1:56 of 1st period - Snap shot by Alex Formenton.
1:56 of 1st period - Shot Misses the Net.
2:16 of 1st period - Slapshot by Rasmus Dahlin.
2:16 of 1st period - Shot Misses the Net.
2:18 of 1st period - Wrist shot by Rasmus Dahlin.
2:18 of 1st period - Deflect By Dawson Mercer.
2:18 of 1st period - Stopped by Kevin Mandolese with a rebound.
2:34 of 1st period - Slapshot by Emil Pettersson.
2:34 of 1st period - Shot Blocked by Isac Lundestrom.
2:34 of 1st period - Isac Lundestrom from Marlies is injured at 2:34 of 1st period (Left Knee).
2:35 of 1st period - Matthew Highmore wins face-off versus Emil Pettersson in Marlies zone.
2:42 of 1st period - Slapshot by Kole Sherwood.
2:42 of 1st period - Stopped by Kevin Mandolese with a rebound.
3:21 of 1st period - Wrist shot by Samuel Fagemo.
3:21 of 1st period - Stopped by Kevin Mandolese with a rebound.
3:23 of 1st period - Slapshot by Lucas Carlsson.
3:23 of 1st period - Shot Blocked by Emil Pettersson.
3:25 of 1st period - Slapshot by Dmitri Samorukov.
3:25 of 1st period - Deflect By Emil Pettersson.
3:25 of 1st period - Stopped by Kevin Mandolese without a rebound.
3:26 of 1st period - Lias Andersson wins face-off versus Theodor Blueger in Barracuda zone.
3:39 of 1st period - Slapshot by Rasmus Dahlin.
3:39 of 1st period - Stopped by Kevin Mandolese with a rebound.
4:29 of 1st period - Icing by Dennis Cholowski.
4:30 of 1st period - Matthew Highmore wins face-off versus Jacob Peterson in Barracuda zone.
4:41 of 1st period - Snap shot by Jacob Peterson.
4:41 of 1st period - Deflect By Kole Sherwood.
4:41 of 1st period - Shot Misses the Net.
4:41 of 1st period - Puck is out of play.
4:42 of 1st period - Lias Andersson wins face-off versus Emil Pettersson in Marlies zone.
5:12 of 1st period - Trent Frederic is hit by Dmitri Samorukov and loses puck.
6:34 of 1st period - Snap shot by Theodor Blueger.
6:34 of 1st period - Stopped by Veini Vehvilainen without a rebound.
6:35 of 1st period - Lias Andersson wins face-off versus Theodor Blueger in Marlies zone.
6:47 of 1st period - Wrist shot by Lias Andersson.
6:47 of 1st period - Shot Blocked by Theodor Blueger.
6:49 of 1st period - Snap shot by Jacob Bernard-Docker.
6:49 of 1st period - Deflect By Alex Lintuniemi.
6:49 of 1st period - Stopped by Kevin Mandolese without a rebound.
6:50 of 1st period - Joel Farabee wins face-off versus Emil Pettersson in Barracuda zone.
7:08 of 1st period - Minor Penalty to Jordan Gross for Tripping.
7:09 of 1st period - Emil Pettersson wins face-off versus Lias Andersson in Barracuda zone.
9:08 of 1st period - Penalty to Jordan Gross is over, Jordan Gross is back on ice.
9:14 of 1st period - Snap shot by Emil Pettersson.
9:14 of 1st period - Shot Misses the Net.
9:20 of 1st period - Snap shot by Emil Pettersson.
9:20 of 1st period - Stopped by Veini Vehvilainen with a rebound.
9:54 of 1st period - Arthur Kaliyev is hit by Jacob Peterson and loses puck.
10:13 of 1st period - Dmitri Samorukov is hit by Alexei Toropchenko and loses puck.
10:18 of 1st period - Snap shot by Trent Frederic.
10:18 of 1st period - Stopped by Veini Vehvilainen with a rebound.
10:22 of 1st period - Snap shot by Trent Frederic.
10:22 of 1st period - Goal by Trent Frederic - Barracuda : 1 - Marlies : 0.
10:23 of 1st period - Emil Pettersson wins face-off versus Lias Andersson in neutral zone.
10:26 of 1st period - Snap shot by Beck Malenstyn.
10:26 of 1st period - Stopped by Veini Vehvilainen with a rebound.
10:32 of 1st period - Backhand shot by Lias Andersson.
10:32 of 1st period - Shot Blocked by Nikolai Kovalenko.
10:34 of 1st period - Slapshot by Alex Formenton.
10:34 of 1st period - Shot Blocked by Emil Pettersson.
10:48 of 1st period - Joel Farabee is hit by Bode Wilde and loses puck.
11:11 of 1st period - Snap shot by Robin Norell.
11:11 of 1st period - Stopped by Veini Vehvilainen with a rebound.
11:13 of 1st period - Snap shot by Jackson Kunz.
11:13 of 1st period - Deflect By Jacob Peterson.
11:13 of 1st period - Shot Blocked by Otto Koivula.
11:13 of 1st period - Puck is out of play.
11:14 of 1st period - Jacob Peterson wins face-off versus Matthew Highmore in Marlies zone.
11:15 of 1st period - Slapshot by Robin Norell.
11:15 of 1st period - Shot Misses the Net.
12:02 of 1st period - Angus Crookshank is hit by Samuel Fagemo and loses puck.
12:33 of 1st period - Snap shot by Theodor Blueger.
12:33 of 1st period - Shot Misses the Net.
12:39 of 1st period - Minor Penalty to Otto Koivula for Cross-checking.
12:40 of 1st period - Emil Pettersson wins face-off versus Lias Andersson in Marlies zone.
12:41 of 1st period - Backhand shot by Nikolai Kovalenko.
12:41 of 1st period - Shot Misses the Net.
12:43 of 1st period - Slapshot by Nikolai Kovalenko.
12:43 of 1st period - Goal by Nikolai Kovalenko - Barracuda : 2 - Marlies : 0.
12:44 of 1st period - Emil Pettersson wins face-off versus Matthew Highmore in neutral zone.
13:40 of 1st period - Minor Penalty to Yegor Sokolov for Diving.
13:41 of 1st period - Mathieu Olivier wins face-off versus Emil Pettersson in Barracuda zone.
14:43 of 1st period - Alex Lintuniemi is hit by Mathieu Olivier and loses puck.
14:54 of 1st period - Dennis Cholowski is hit by Matthew Highmore and loses puck.
15:40 of 1st period - Penalty to Yegor Sokolov is over, Yegor Sokolov is back on ice.
15:41 of 1st period - Dennis Cholowski is hit by Lias Andersson and loses puck.
15:50 of 1st period - Snap shot by Angus Crookshank.
15:50 of 1st period - Stopped by Veini Vehvilainen with a rebound.
15:52 of 1st period - Slapshot by Trent Frederic.
15:52 of 1st period - Stopped by Veini Vehvilainen without a rebound.
15:53 of 1st period - Lias Andersson wins face-off versus Adam Beckman in Marlies zone.
16:04 of 1st period - Snap shot by Lias Andersson.
16:04 of 1st period - Stopped by Kevin Mandolese with a rebound.
16:06 of 1st period - Slapshot by Jacob Bernard-Docker.
16:06 of 1st period - Stopped by Kevin Mandolese with a rebound.
16:35 of 1st period - Off-side.
16:36 of 1st period - Matthew Highmore wins face-off versus Jackson Kunz in neutral zone.
16:49 of 1st period - Snap shot by Joel Farabee.
16:49 of 1st period - Shot Misses the Net.
16:51 of 1st period - Slapshot by Keaton Thompson.
16:51 of 1st period - Stopped by Kevin Mandolese without a rebound.
16:52 of 1st period - Emil Pettersson wins face-off versus Lias Andersson in Barracuda zone.
17:06 of 1st period - Wrist shot by Nikolai Kovalenko.
17:06 of 1st period - Stopped by Veini Vehvilainen without a rebound.
17:07 of 1st period - Matthew Highmore wins face-off versus Trent Frederic in Marlies zone.
18:21 of 1st period - Dmitri Samorukov is hit by Alexei Toropchenko and loses puck.
19:10 of 1st period - Nikolai Kovalenko is hit by Keaton Thompson.
19:14 of 1st period - Slapshot by Robin Norell.
19:14 of 1st period - Deflect By Emil Pettersson.
19:14 of 1st period - Stopped by Veini Vehvilainen with a rebound.
19:51 of 1st period - Minor Penalty to Jackson Kunz for Holding.
19:52 of 1st period - Emil Pettersson wins face-off versus Lias Andersson in Barracuda zone.
19:52 of 1st period - Emil Pettersson is hit by Rasmus Dahlin.
Goals for this period are 2 for Barracuda vs 0 for Marlies.
Shots for this period are 12 for Barracuda vs 11 for Marlies.
2nd period
0:01 of 2nd period - Emil Pettersson wins face-off versus Lias Andersson in neutral zone.
1:51 of 2nd period - Penalty to Jackson Kunz is over, Jackson Kunz is back on ice.
1:58 of 2nd period - Snap shot by Jacob Peterson.
1:58 of 2nd period - Stopped by Veini Vehvilainen with a rebound.
2:00 of 2nd period - Snap shot by Jacob Peterson.
2:00 of 2nd period - Stopped by Veini Vehvilainen without a rebound.
2:01 of 2nd period - Lias Andersson wins face-off versus Jacob Peterson in Marlies zone.
2:16 of 2nd period - Snap shot by Jacob Peterson.
2:16 of 2nd period - Stopped by Veini Vehvilainen with a rebound.
2:32 of 2nd period - Wrist shot by Arthur Kaliyev.
2:32 of 2nd period - Shot Misses the Net.
2:34 of 2nd period - Snap shot by Arthur Kaliyev.
2:34 of 2nd period - Shot Hit the Post.
2:36 of 2nd period - Snap shot by Arthur Kaliyev.
2:36 of 2nd period - Stopped by Kevin Mandolese with a rebound.
2:38 of 2nd period - Slapshot by John Ludvig.
2:38 of 2nd period - Shot Blocked by Bode Wilde.
2:40 of 2nd period - Wrist shot by Arthur Kaliyev.
2:40 of 2nd period - Deflect By Otto Koivula.
2:40 of 2nd period - Shot Blocked by Ryan Merkley.
2:40 of 2nd period - Puck is out of play.
2:41 of 2nd period - Matthew Highmore wins face-off versus Emil Pettersson in Barracuda zone.
3:11 of 2nd period - Slapshot by Dennis Cholowski.
3:11 of 2nd period - Stopped by Veini Vehvilainen without a rebound.
3:12 of 2nd period - Trent Frederic wins face-off versus Matthew Highmore in Marlies zone.
3:45 of 2nd period - Snap shot by Emil Pettersson.
3:45 of 2nd period - Stopped by Veini Vehvilainen without a rebound.
3:46 of 2nd period - Matthew Highmore wins face-off versus Emil Pettersson in Marlies zone.
3:58 of 2nd period - Minor Penalty to Matthew Highmore for Roughing.
3:59 of 2nd period - Emil Pettersson wins face-off versus Lias Andersson in Marlies zone.
4:01 of 2nd period - Slapshot by Emil Pettersson.
4:01 of 2nd period - Goal by Emil Pettersson - Barracuda : 3 - Marlies : 0.
4:02 of 2nd period - Emil Pettersson wins face-off versus Lias Andersson in neutral zone.
4:38 of 2nd period - Minor Penalty to Alexei Toropchenko for Slashing.
4:39 of 2nd period - Lias Andersson wins face-off versus Emil Pettersson in Barracuda zone.
5:13 of 2nd period - Alex Lintuniemi is hit by Keaton Thompson and loses puck.
5:34 of 2nd period - Trent Frederic is hit by Matthew Highmore and loses puck.
6:26 of 2nd period - Emil Pettersson is hit by Rasmus Dahlin and loses puck.
6:38 of 2nd period - Penalty to Alexei Toropchenko is over, Alexei Toropchenko is back on ice.
7:02 of 2nd period - Off-side.
7:03 of 2nd period - Jacob Peterson wins face-off versus Dawson Mercer in neutral zone.
7:34 of 2nd period - Snap shot by Theodor Blueger.
7:34 of 2nd period - Stopped by Veini Vehvilainen with a rebound.
7:36 of 2nd period - Slapshot by Bode Wilde.
7:36 of 2nd period - Shot Blocked by Kole Sherwood.
8:10 of 2nd period - Snap shot by Otto Koivula.
8:10 of 2nd period - Shot Blocked by Angus Crookshank.
8:48 of 2nd period - Snap shot by Lias Andersson.
8:48 of 2nd period - Deflect By Otto Koivula.
8:48 of 2nd period - Stopped by Kevin Mandolese with a rebound.
9:14 of 2nd period - Wrist shot by Joel Farabee.
9:14 of 2nd period - Shot Blocked by Dennis Cholowski.
9:44 of 2nd period - Icing by Arthur Kaliyev.
9:45 of 2nd period - Hendrix Lapierre wins face-off versus Trent Frederic in Marlies zone.
10:39 of 2nd period - Slapshot by Dmitri Samorukov.
10:39 of 2nd period - Stopped by Kevin Mandolese with a rebound.
13:19 of 2nd period - Snap shot by Otto Koivula.
13:19 of 2nd period - Goal by Otto Koivula - Barracuda : 3 - Marlies : 1.
13:20 of 2nd period - Matthew Highmore wins face-off versus Emil Pettersson in neutral zone.
13:33 of 2nd period - Backhand shot by Kole Sherwood.
13:33 of 2nd period - Stopped by Kevin Mandolese without a rebound.
13:34 of 2nd period - Matthew Highmore wins face-off versus Emil Pettersson in Barracuda zone.
13:34 of 2nd period - Matthew Highmore is hit by Robin Norell.
13:43 of 2nd period - Minor Penalty to Beck Malenstyn for Hooking.
13:44 of 2nd period - Lias Andersson wins face-off versus Emil Pettersson in Barracuda zone.
14:03 of 2nd period - Robin Norell is hit by Keaton Thompson and loses puck.
14:16 of 2nd period - Slapshot by Rasmus Dahlin.
14:16 of 2nd period - Stopped by Kevin Mandolese with a rebound.
14:18 of 2nd period - Wrist shot by Joel Farabee.
14:18 of 2nd period - Goal by Joel Farabee - Barracuda : 3 - Marlies : 2.
14:19 of 2nd period - Matthew Highmore wins face-off versus Trent Frederic in neutral zone.
14:29 of 2nd period - Slapshot by Rasmus Dahlin.
14:29 of 2nd period - Deflect By Kole Sherwood.
14:29 of 2nd period - Shot Misses the Net.
14:29 of 2nd period - Puck is out of play.
14:30 of 2nd period - Matthew Highmore wins face-off versus Emil Pettersson in Barracuda zone.
14:55 of 2nd period - Angus Crookshank is hit by Lias Andersson and loses puck.
15:20 of 2nd period - Wrist shot by Rasmus Dahlin.
15:20 of 2nd period - Goal by Rasmus Dahlin - Barracuda : 3 - Marlies : 3.
15:21 of 2nd period - Matthew Highmore wins face-off versus Nikolai Kovalenko in neutral zone.
15:48 of 2nd period - Lias Andersson is hit by Trent Frederic and loses puck.
17:04 of 2nd period - Dawson Mercer is hit by Jacob Peterson and loses puck.
17:36 of 2nd period - Slapshot by Rasmus Dahlin.
17:36 of 2nd period - Stopped by Kevin Mandolese with a rebound.
19:06 of 2nd period - Slapshot by Rasmus Dahlin.
19:06 of 2nd period - Goal by Rasmus Dahlin - Barracuda : 3 - Marlies : 4.
19:07 of 2nd period - Matthew Highmore wins face-off versus Emil Pettersson in neutral zone.
19:18 of 2nd period - Slapshot by Joel Farabee.
19:18 of 2nd period - Deflect By Matthew Highmore.
19:18 of 2nd period - Stopped by Kevin Mandolese with a rebound.
19:20 of 2nd period - Wrist shot by Kole Sherwood.
19:20 of 2nd period - Goal by Kole Sherwood - Barracuda : 3 - Marlies : 5.
19:20 of 2nd period - Filip Larsson enters game.
19:21 of 2nd period - Emil Pettersson wins face-off versus Joel Farabee in neutral zone.
19:27 of 2nd period - Off-side.
19:28 of 2nd period - Matthew Highmore wins face-off versus Emil Pettersson in neutral zone.
19:59 of 2nd period - Wrist shot by Emil Pettersson.
19:59 of 2nd period - Shot Misses the Net.
Goals for this period are 1 for Barracuda vs 5 for Marlies.
Shots for this period are 7 for Barracuda vs 12 for Marlies.
3rd period
0:01 of 3rd period - Emil Pettersson wins face-off versus Matthew Highmore in neutral zone.
0:14 of 3rd period - Emil Pettersson is hit by Joel Farabee and loses puck.
0:31 of 3rd period - Jordan Gross is hit by Mathieu Olivier and loses puck.
1:04 of 3rd period - Snap shot by Theodor Blueger.
1:04 of 3rd period - Shot Misses the Net.
1:22 of 3rd period - Snap shot by Beck Malenstyn.
1:22 of 3rd period - Deflect By Emil Pettersson.
1:22 of 3rd period - Stopped by Veini Vehvilainen without a rebound.
1:23 of 3rd period - Kole Sherwood wins face-off versus Emil Pettersson in Marlies zone.
1:23 of 3rd period - Kole Sherwood is hit by Beck Malenstyn.
1:53 of 3rd period - Wrist shot by Alexei Toropchenko.
1:53 of 3rd period - Shot Blocked by Jacob Bernard-Docker.
2:31 of 3rd period - Slapshot by Alex Lintuniemi.
2:31 of 3rd period - Stopped by Veini Vehvilainen without a rebound.
2:32 of 3rd period - Emil Pettersson wins face-off versus Matthew Highmore in Marlies zone.
2:33 of 3rd period - Snap shot by Nikolai Kovalenko.
2:33 of 3rd period - Stopped by Veini Vehvilainen without a rebound.
2:34 of 3rd period - Matthew Highmore wins face-off versus Emil Pettersson in Marlies zone.
3:11 of 3rd period - Icing by Bode Wilde.
3:12 of 3rd period - Lias Andersson wins face-off versus Emil Pettersson in Barracuda zone.
3:13 of 3rd period - Wrist shot by Rasmus Dahlin.
3:13 of 3rd period - Stopped by Filip Larsson without a rebound.
3:14 of 3rd period - Lias Andersson wins face-off versus Trent Frederic in Barracuda zone.
3:27 of 3rd period - Slapshot by Rasmus Dahlin.
3:27 of 3rd period - Shot Misses the Net.
3:29 of 3rd period - Slapshot by Keaton Thompson.
3:29 of 3rd period - Shot Misses the Net.
3:39 of 3rd period - Keaton Thompson is hit by Jordan Gross and loses puck.
4:03 of 3rd period - Icing by Emil Pettersson.
4:04 of 3rd period - Emil Pettersson wins face-off versus Lias Andersson in Barracuda zone.
4:09 of 3rd period - Wrist shot by Emil Pettersson.
4:09 of 3rd period - Shot Blocked by Otto Koivula.
4:37 of 3rd period - Snap shot by Emil Pettersson.
4:37 of 3rd period - Stopped by Veini Vehvilainen with a rebound.
4:53 of 3rd period - Snap shot by Emil Pettersson.
4:53 of 3rd period - Goal by Emil Pettersson - Barracuda : 4 - Marlies : 5.
4:54 of 3rd period - Matthew Highmore wins face-off versus Angus Crookshank in neutral zone.
5:09 of 3rd period - Slapshot by Jordan Gross.
5:09 of 3rd period - Stopped by Veini Vehvilainen with a rebound.
5:43 of 3rd period - Wrist shot by Lias Andersson.
5:43 of 3rd period - Shot Blocked by Ryan Merkley.
5:45 of 3rd period - Wrist shot by Mathieu Olivier.
5:45 of 3rd period - Stopped by Filip Larsson with a rebound.
5:47 of 3rd period - Slapshot by Mathieu Olivier.
5:47 of 3rd period - Shot Misses the Net.
6:01 of 3rd period - Otto Koivula is hit by Beck Malenstyn and loses puck.
6:46 of 3rd period - Wrist shot by Dawson Mercer.
6:46 of 3rd period - Stopped by Filip Larsson with a rebound.
6:48 of 3rd period - Snap shot by Hendrix Lapierre.
6:48 of 3rd period - Stopped by Filip Larsson without a rebound.
6:49 of 3rd period - Emil Pettersson wins face-off versus Matthew Highmore in Barracuda zone.
7:14 of 3rd period - Alex Lintuniemi is hit by Lucas Carlsson and loses puck.
7:31 of 3rd period - Minor Penalty to Hendrix Lapierre for Interference.
7:32 of 3rd period - Lias Andersson wins face-off versus Emil Pettersson in Marlies zone.
8:11 of 3rd period - Snap shot by Alexei Toropchenko.
8:11 of 3rd period - Deflect By Trent Frederic.
8:11 of 3rd period - Shot Misses the Net.
8:11 of 3rd period - Puck is out of play.
8:12 of 3rd period - Trent Frederic wins face-off versus Lias Andersson in Marlies zone.
9:19 of 3rd period - Alex Formenton is hit by Nikolai Kovalenko and loses puck.
9:31 of 3rd period - Penalty to Hendrix Lapierre is over, Hendrix Lapierre is back on ice.
9:46 of 3rd period - Backhand shot by Robin Norell.
9:46 of 3rd period - Shot Misses the Net.
9:48 of 3rd period - Slapshot by Jordan Gross.
9:48 of 3rd period - Shot Misses the Net.
10:32 of 3rd period - Bode Wilde is hit by John Ludvig.
10:44 of 3rd period - Angus Crookshank is hit by Lias Andersson.
10:58 of 3rd period - Slapshot by Alex Lintuniemi.
10:58 of 3rd period - Shot Blocked by Jacob Bernard-Docker.
11:00 of 3rd period - Slapshot by Jordan Gross.
11:00 of 3rd period - Stopped by Veini Vehvilainen with a rebound.
11:42 of 3rd period - Icing by Alex Lintuniemi.
11:43 of 3rd period - Lias Andersson wins face-off versus Adam Beckman in Barracuda zone.
12:06 of 3rd period - Wrist shot by Emil Pettersson.
12:06 of 3rd period - Shot Blocked by Lucas Carlsson.
12:10 of 3rd period - Snap shot by Emil Pettersson.
12:10 of 3rd period - Shot Misses the Net.
12:20 of 3rd period - Snap shot by Trent Frederic.
12:20 of 3rd period - Stopped by Veini Vehvilainen without a rebound.
12:21 of 3rd period - Trent Frederic wins face-off versus Matthew Highmore in Marlies zone.
12:32 of 3rd period - Wrist shot by Angus Crookshank.
12:32 of 3rd period - Stopped by Veini Vehvilainen with a rebound.
12:34 of 3rd period - Slapshot by Trent Frederic.
12:34 of 3rd period - Stopped by Veini Vehvilainen with a rebound.
12:52 of 3rd period - Bode Wilde is hit by Keaton Thompson and loses puck.
13:18 of 3rd period - Minor Penalty to Otto Koivula for Hooking.
13:19 of 3rd period - Emil Pettersson wins face-off versus Lias Andersson in Marlies zone.
13:19 of 3rd period - Snap shot by Nikolai Kovalenko.
13:19 of 3rd period - Shot Misses the Net.
13:57 of 3rd period - Slapshot by Robin Norell.
13:57 of 3rd period - Shot Misses the Net.
14:40 of 3rd period - Icing by Dennis Cholowski.
14:41 of 3rd period - Hendrix Lapierre wins face-off versus Trent Frederic in Barracuda zone.
15:18 of 3rd period - Penalty to Otto Koivula is over, Otto Koivula is back on ice.
15:57 of 3rd period - Snap shot by Theodor Blueger.
15:57 of 3rd period - Stopped by Veini Vehvilainen without a rebound.
15:58 of 3rd period - Theodor Blueger wins face-off versus Matthew Highmore in Marlies zone.
16:06 of 3rd period - Off-side.
16:07 of 3rd period - Matthew Highmore wins face-off versus Theodor Blueger in neutral zone.
17:00 of 3rd period - Icing by Kole Sherwood.
17:01 of 3rd period - Matthew Highmore wins face-off versus Emil Pettersson in Marlies zone.
18:22 of 3rd period - Icing by Angus Crookshank.
18:23 of 3rd period - Trent Frederic wins face-off versus Hendrix Lapierre in Barracuda zone.
18:34 of 3rd period - Yegor Sokolov is hit by Mathieu Olivier and loses puck.
18:41 of 3rd period - Slapshot by Dennis Cholowski.
18:41 of 3rd period - Shot Misses the Net.
18:53 of 3rd period - Barracuda, Filip Larsson is pulled from the net.
19:03 of 3rd period - Slapshot by Nikolai Kovalenko.
19:03 of 3rd period - Deflect By Keaton Thompson.
19:03 of 3rd period - Shot Misses the Net.
19:03 of 3rd period - Puck is out of play.
19:04 of 3rd period - Dale Hunter call a timeout for Barracuda.
19:04 of 3rd period - Emil Pettersson wins face-off versus Lias Andersson in Marlies zone.
19:15 of 3rd period - Wrist shot by Nikolai Kovalenko.
19:15 of 3rd period - Stopped by Veini Vehvilainen with a rebound.
19:17 of 3rd period - Snap shot by Robin Norell.
19:17 of 3rd period - Stopped by Veini Vehvilainen with a rebound.
19:19 of 3rd period - Snap shot by Beck Malenstyn.
19:19 of 3rd period - Shot Misses the Net.
19:21 of 3rd period - Snap shot by Jordan Gross.
19:21 of 3rd period - Stopped by Veini Vehvilainen with a rebound.
19:23 of 3rd period - Wrist shot by Robin Norell.
19:23 of 3rd period - Stopped by Veini Vehvilainen without a rebound.
19:24 of 3rd period - Emil Pettersson wins face-off versus Mathieu Olivier in Marlies zone.
19:35 of 3rd period - Snap shot by Nikolai Kovalenko.
19:35 of 3rd period - Goal by Nikolai Kovalenko - Barracuda : 5 - Marlies : 5.
19:35 of 3rd period - Filip Larsson from Barracuda was sent back in the game.
19:36 of 3rd period - Lias Andersson wins face-off versus Theodor Blueger in neutral zone.
19:40 of 3rd period - Rasmus Dahlin is hit by Robin Norell.
19:42 of 3rd period - Snap shot by Lias Andersson.
19:42 of 3rd period - Goal by Lias Andersson - Barracuda : 5 - Marlies : 6.
19:43 of 3rd period - Lias Andersson wins face-off versus Emil Pettersson in neutral zone.
19:54 of 3rd period - Barracuda, Filip Larsson is pulled from the net.
Goals for this period are 2 for Barracuda vs 1 for Marlies.
Shots for this period are 16 for Barracuda vs 5 for Marlies.